Unix NetHack Version 3.7.0-84 Work-in-progress - last build May 8 2023 12:40:53 (a521f9c9ba282fe1dbcfd9214424a180692735d4,branch:master). Game began 2023-05-22 09:19:51, ended 2023-05-22 09:28:31. cathartes, neutral female human Archeologist --- ---- ..--.|.-- -- ----........--- -.--.............-- .................| ............(...- ............. -....f....- -@..G....| |......G.- ----...G.... ......- |...... ....- ...| .- . Cathartes the Digger St:14 Dx:9 Co:10 In:17 Wi:13 Ch:12 Neutral Dlvl:3 $:16 HP:0(14) Pw:2(2) AC:9 Xp:1/8 T:534 Latest messages: You see here a newt corpse. Something is engraved here on the headstone. You read: "This is not an important part of my life.". Satellite eats a newt corpse. $ - 9 gold pieces (16 in total). You see here 9 bamboo arrows. You swap places with Satellite. Satellite picks up a bamboo arrow. Satellite drops a bamboo arrow. Satellite picks up a bamboo arrow. You swap places with Satellite. Satellite drops a bamboo arrow. Satellite drops a bamboo arrow. Satellite picks up a bamboo arrow. You find a hidden door. Satellite drops a bamboo arrow. Satellite picks up a bamboo arrow. This door is locked. This door is locked. This door is locked. This door is locked. Satellite drops a bamboo arrow. You see here 8 bamboo arrows. You see here a bamboo arrow. Something is engraved here on the headstone. You read: "This is not an important part of my life.". Satellite picks up a bamboo arrow. Satellite drops a bamboo arrow. Satellite picks up a bamboo arrow. Satellite drops a bamboo arrow. Satellite picks up a bamboo arrow. Something is engraved here on the headstone. You read: "And everyone died. Boo hoo hoo.". You descend the stairs. Satellite bites the gnome. The gnome wields a thonged club! Satellite misses the gnome. Satellite bites the gnome. The gnome is killed! Satellite eats a gnome corpse. The gnome lord zaps an iron wand! The magic missile hits you! The magic missile bounces! The magic missile hits you! You die... Do you want your possessions identified? [ynq] (y) y Do you want to see your attributes? [ynq] (y) y Do you want an account of creatures vanquished? [ynaq] (y) y Do you want to see your conduct and achievements? [ynq] (y) y Do you want to see the dungeon overview? [ynq] (y) y Inventory: Coins $ - 16 gold pieces Comestibles d - 4 uncursed food rations Tools g - an uncursed sack containing 3 items i - an uncursed magic marker (0:73) p - an uncursed +0 pick-axe (weapon in hand) f - an uncursed tinning kit (0:84) Gems/Stones h - an uncursed touchstone Weapons k - an uncursed +0 orcish dagger a - an uncursed +2 bullwhip (alternate weapon; not wielded) Armor c - an uncursed +0 fedora (being worn) b - an uncursed +0 leather jacket (being worn) Contents of the sack: 9 gold pieces a cursed scroll of create monster named c an uncursed scroll of light named nc Cathartes the Archeologist's attributes: Background: You were a Digger, a level 1 female human Archeologist. You were neutral, on a mission for Camaxtli who was opposed by Quetzalcoatl (lawful) and Huhetotl (chaotic). You were in the Gnomish Mines, on level 3. You entered the dungeon 534 turns ago. There was a new moon in effect when your adventure ended. You had 8 experience points, 12 more were needed to attain level 2. Basics: You had 0 out of 14 hit points. You had both energy points (spell power). Your armor class was 9. Your wallet contained 16 zorkmids, and you had 9 more stashed away in your pack. Autopickup was on for '$_*' plus thrown, with exceptions. Final Characteristics: Your strength was 14 (limit:18/100). Your dexterity was 9 (limit:18). Your constitution was 10 (limit:18). Your intelligence was 17 (limit:18). Your wisdom was 13 (limit:18). Your charisma was 12 (limit:18). Final Status: You were not hungry. You were unencumbered. You were wielding a pick-axe. You had basic skill with pick-axe. Final Attributes: You were fervently aligned. You had automatic searching. You are dead. Miscellaneous: You disabled loading of bones levels. Total elapsed playing time was 8 minutes and 36 seconds. Major events: Turn 1: cathartes the neutral female human Archeologist entered the dungeon 404: entered the Gnomish Mines 534: killed by a magic missile zapped by a gnome lord Vanquished creatures: a dwarf a gnome a jackal a fox a kobold a goblin a sewer rat a grid bug 3 lichens a kobold zombie a newt 13 creatures vanquished. No species were genocided or became extinct. Voluntary challenges: You followed a strict vegan diet. You were illiterate. You never engraved Elbereth. You never genocided any monsters. You never polymorphed an object. You never changed form. You used no wishes. Achievement: You entered the Gnomish Mines. The Dungeons of Doom: levels 1 to 2 Level 1: A fountain. Level 2: "vault" A fountain, some graves. Stairs down to The Gnomish Mines. The Gnomish Mines: Level 3: <- You were here. Final resting place for you, killed by a magic missile zapped by a gnome lord. Game over: ---------- / \ / REST \ / IN \ / PEACE \ / \ | cathartes | | 25 Au | | killed by a | | magic missile | | zapped by a | | gnome lord | | 2023 | *| * * * | * _________)/\\_//(\/(/\)/\//\/|_)_______ Goodbye cathartes the Archeologist... You died in The Gnomish Mines on dungeon level 3 with 155 points, and 25 pieces of gold, after 534 moves. You were level 1 with a maximum of 14 hit points when you died.